 Dungeon Crawl Stone Soup version 0.21-a0-426-g98080a9 (webtiles) character file.

94 karf the Firebug (level 4, 0/24 HPs)
             Began as a Deep Elf Fire Elementalist on Nov 5, 2017.
             Killed from afar by Klosterheim's ghost (5 damage)
             ... with a magic dart
             ... on level 3 of the Dungeon.
             The game lasted 00:08:06 (2839 turns).

karf the Firebug (Deep Elf Fire Elementalist)       Turns: 2839, Time: 00:08:06

Health: 0/24       AC:  3    Str:  5    XL:     4   Next: 38%
Magic:  0/12       EV: 14    Int: 21    God:
Gold:   149        SH:  0    Dex: 15    Spells: 5/11 levels left

rFire    . . .     SeeInvis .   f - +0 dagger (venom)
rCold    . . .     Gourm    .   (no shield)
rNeg     . . .     Faith    .   a - +0 robe
rPois    .         Spirit   .   (no helmet)
rElec    .         Reflect  .   (no cloak)
rCorr    .         Harm     .   m - +0 pair of gloves
MR       .....                  (no boots)
Stlth    ++........             (no amulet)
HPRegen  0.08/turn              l - +1 ring of evasion
MPRegen  0.13/turn              (no ring)

@: no status effects
A: no striking features
a: no special abilities


You were on level 3 of the Dungeon.
You were hungry.

You visited 1 branch of the dungeon, and saw 3 of its levels.

You collected 149 gold pieces.

Inventory:

Hand Weapons
 f - a +0 dagger of venom (weapon)
Armour
 a - a +0 robe (worn)
 m - a +0 pair of gloves (worn)
Jewellery
 e - an uncursed ring of ice
 l - a +1 ring of evasion (left hand)
Scrolls
 k - a scroll of amnesia {unknown}
 o - 2 scrolls of enchant weapon {unknown}
 q - 3 scrolls of identify {unknown}
 r - 2 scrolls of teleportation {unknown}
 s - a scroll of noise {unknown}
Potions
 d - 2 potions of flight {unknown}
 g - a potion of mutation {unknown}
 h - 3 potions of lignification {unknown}
 j - 2 potions of invisibility {unknown}
 n - a potion of agility {unknown}
 p - a potion of curing {unknown}
Books
 b - a book of Flames

   Spells                             Type                      Level
   a - Flame Tongue                   Conjuration/Fire             1
   b - Throw Flame                    Conjuration/Fire             2
   c - Conjure Flame                  Conjuration/Fire             3
   d - Inner Flame                    Hexes/Fire                   3
   e - Sticky Flame                   Conjuration/Fire             4
   f - Fireball                       Conjuration/Fire             5
 t - a book of Callings

   Spells                             Type                      Level
   a - Summon Small Mammal            Summoning                    1
   b - Call Imp                       Summoning                    2
   c - Call Canine Familiar           Summoning                    3
   d - Summon Guardian Golem          Hexes/Summoning              3
   e - Summon Lightning Spire         Summoning/Air                4
   f - Summon Ice Beast               Ice/Summoning                4
Comestibles
 c - 2 bread rations
 i - 2 meat rations
 u - a royal jelly


   Skills:
 + Level 3.2 Dodging
 - Level 2.4 Stealth
 + Level 4.0 Spellcasting
 + Level 2.1 Conjurations
 * Level 4.4 Fire Magic


You had 5 spell levels left.
You knew the following spells:

 Your Spells              Type           Power        Failure   Level  Hunger
a - Flame Tongue          Conj/Fire      ###..        3%          1    None
b - Throw Flame           Conj/Fire      ###...       4%          2    #......
c - Conjure Flame         Conj/Fire      ###.....     9%          3    ###....


Dungeon Overview and Level Annotations

Branches:
Dungeon (3/15)

Altars:

Annotations:
D:3 Klosterheim's ghost, amateur DEWz


Message History

You barely miss Klosterheim's ghost.
Klosterheim's ghost is almost destroyed.
The crimson imp blinks!
Klosterheim's ghost misses you.
You barely miss Klosterheim's ghost.
Klosterheim's ghost is almost destroyed.
The crimson imp blinks!
Klosterheim's ghost mumbles some strange words.
Casting: Flame Tongue
Confirm with . or Enter, or press ? or * to list all spells.
Aiming: Flame Tongue
Press: ? - help, Shift-Dir - straight line, f/p - Klosterheim's ghost
Aim: Klosterheim's ghost (almost destroyed)
The flame tongue hits Klosterheim's ghost.
Klosterheim's ghost is almost destroyed.
Klosterheim's ghost barely misses you.
The crimson imp blinks!
You miss Klosterheim's ghost.
Klosterheim's ghost is almost destroyed.
Klosterheim's ghost gestures at you while chanting.
The magic dart hits you!
You die...

#.....### #.## #..#.
#......# #)# #...###
#......## #.###.##
#.......# ##..<..#
#######.####### #...####
#.......## #.#.# #
#######..## #.#.# ####
###..######...#####...
#.^..@W5....####[...##
......#.##5.....##..####
...#####.#####......##
.# #.# #.#....# #!.
#.#.##.# ##( ....##.# ..
...####.. ##.. #### #.


You could see 2 iron imps and Klosterheim's ghost.

Vanquished Creatures
  2 adders (D:2)
  2 oozes
  2 worms (D:2)
  A dart slug (D:2)
  2 leopard geckos (D:1)
  2 giant cockroaches
  6 goblins
  8 hobgoblins
  4 jackals (D:2)
  A ball python (D:2)
  7 bats
  6 frilled lizards
  7 kobolds
  7 rats
57 creatures vanquished.

Notes
Turn   | Place    | Note
-------+----------+-------------------------------------------
     0 | D:1      | karf the Deep Elf Fire Elementalist began the quest for the Orb.
     0 | D:1      | Reached XP level 1. HP: 10/10 MP: 6/6
   164 | D:1      | Reached XP level 2. HP: 14/15 MP: 2/8
  1080 | D:1      | Reached XP level 3. HP: 19/19 MP: 7/10
  1390 | D:2      | Learned a level 2 spell: Throw Flame
  1950 | D:2      | Reached XP level 4. HP: 17/24 MP: 2/11
  2083 | D:2      | Learned a level 3 spell: Conjure Flame
  2821 | D:3      | Noticed Klosterheim's ghost (amateur DEWz)
  2839 | D:3      | Killed from afar by Klosterheim's ghost

Vault maps used:
D:1:      erik_arrival_cave_to_civilisation

Skill      XL: |  1  2  3  4 |
---------------+-------------+-----
Fire Magic     | 4 |  4.4
Dodging        | 3 |  3.2
Conjurations   | 2 |  2.1
Spellcasting   | 4 |  4.0
Stealth        | |  2.4

Action                   |  1- 3 |  4- 6 || total
-------------------------+-------+-------++-------
Melee: Dagger            |     8 |     9 ||    17
 Cast: Flame Tongue      |    74 |     6 ||    80
       Throw Flame       |    20 |    24 ||    44
  Eat: Chunk             |     3 |     3 ||     6
Armor: Robe              |     3 |       ||     3
Dodge: Dodged            |    27 |     6 ||    33

Table legend:
 A = Spawn XP
 B = Non-spawn XP
 C = Spawn XP percentage of total XP
 D = Spawn monster count
 E = Non-spawn monster count
 F = Spawn count percentage of total count
 G = Total turns spent on level
                    A         B        C        D         E        F      G
               +---------+---------+-------+---------+---------+-------+---------
         Total |       0 |     135 |   0.0 |       0 |      57 |   0.0 |  2839
               +---------+---------+-------+---------+---------+-------+---------
           D:1 |       0 |      46 |   0.0 |       0 |      28 |   0.0 |  1424
           D:2 |       0 |      76 |   0.0 |       0 |      25 |   0.0 |  1210
           D:3 |       0 |      13 |   0.0 |       0 |       4 |   0.0 |   205
               +---------+---------+-------+---------+---------+-------+---------
